[Event "Vener-dì-Rapid"]
[Site "Chess.com"]
[Date "2020.05.15"]
[Round "1"]
[White "Carbon"]
[Black "SanSecondoPR"]
[Result "1-0"]
[WhiteElo "1745"]
[BlackElo "1264"]
[TimeControl "720+3"]
[EndTime "12:10:42 PDT"]
[Termination "Carbon ha vinto per scaccomatto"]

1. e4 e5 2. Nf3 Nc6 3. Bc4 Nf6 4. d3 Be7 5. c3 O-O 6. O-O h6 7. Re1 d6 8. h3 Re8 9. Bb3 Bf8 10. Nbd2 Ne7 11. d4 Ng6 12. Nf1 Kh8 13. Bxf7 Nf4 14. Bxe8 Qxe8 15. Bxf4 exf4 16. Qd2 Nh5 17. N1h2 Qg6 18. Kh1 Be7 19. e5 d5 20. b3 Bf5 21. c4 Be4 22. cxd5 Bxd5 23. Rac1 c6 24. Qe2 Qf5 25. e6 g6 26. Qe5+ Qxe5 27. Nxe5 Kg7 28. Nhg4 Nf6 29. Nxf6 Kxf6 30. Nd7+ Kf5 31. Re5# 1-0

[Event "Vener-dì-Rapid"]
[Site "Chess.com"]
[Date "2020.05.15"]
[Round "1"]
[White "sirmale49"]
[Black "BAKR1980"]
[Result "0-1"]
[WhiteElo "1417"]
[BlackElo "1774"]
[TimeControl "720+3"]
[EndTime "12:17:10 PDT"]
[Termination "BAKR1980 ha vinto per scaccomatto"]

1. b3 e5 2. Bb2 Nc6 3. e3 d5 4. Nf3 e4 5. Nd4 Nxd4 6. Bxd4 h5 7. Nc3 c5 8. Be5 f6 9. Bg3 h4 10. Bb5+ Bd7 11. Bxd7+ Qxd7 12. Bc7 Ne7 13. Bf4 g5 14. Bxg5 fxg5 15. h3 Bg7 16. Rc1 O-O-O 17. Qe2 Rhf8 18. Nb5 Kb8 19. d4 a6 20. Na3 cxd4 21. exd4 Qd6 22. Nb1 Bxd4 23. O-O Nf5 24. c3 Ng3 25. Qg4 Bb6 26.
Rcd1 e3 27. Qxg5 exf2+ 28. Kh2 Nxf1+ 29. Kh1 Qh2# 0-1

[Event "Vener-dì-Rapid"]
[Site "Chess.com"]
[Date "2020.05.15"]
[Round "1"]
[White "fausto2p"]
[Black "pedrak"]
[Result "0-1"]
[WhiteElo "1130"]
[BlackElo "1655"]
[TimeControl "720+3"]
[EndTime "12:19:02 PDT"]
[Termination "pedrak ha vinto per abbandono"]

1. d4 Nf6 2. c4 e6 3. Nc3 Bb4 4. e3 O-O 5. Nf3 Ne4 6. Qc2 f5 7. Bd3 Bxc3+ 8. bxc3 Nf6 9. h3 d6 10. O-O b6 11. a4 a5 12. Ba3 Bb7 13. Ng5 Re8 14.
f4 h6 15. Nf3 Be4 16. Nd2 Bxd3 17. Qxd3 Nbd7 18. Rae1 g6 19. Rf3 Kg7 20. Rg3 Nh5 21.
Rf3 Kh7 22. e4 Ndf6 23. e5 dxe5 24. dxe5 Ng8 25. Ree3 Qxd3 26. Rxd3 Rad8 27. Bc1 Ne7 28. Nb3 Nc6 29. Nd4 Nb8 30. Nb5 Na6 31. g4 Ng7 32. gxf5 Nxf5 33. Be3 Rxd3 0-1

[Event "Vener-dì-Rapid"]
[Site "Chess.com"]
[Date "2020.05.15"]
[Round "2"]
[White "BAKR1980"]
[Black "pedrak"]
[Result "1-0"]
[WhiteElo "1783"]
[BlackElo "1648"]
[TimeControl "720+3"]
[EndTime "12:37:44 PDT"]
[Termination "BAKR1980 ha vinto per abbandono"]

1. b3 d5 2. e3 Bf5 3. Nf3 e6 4. Bb2 Nf6 5. Be2 Nbd7 6. O-O Bd6 7. Nh4 Bg6 8. c4 c6 9. Nc3 O-O 10. Nxg6 hxg6 11. d4 Qe7 12. a3 Rad8 13. g3 dxc4 14. bxc4 e5 15. c5 Bb8 16. Qb3 b5 17. a4 a6 18. Bf3 e4 19. Bg2 Rfe8 20.
axb5 axb5 21. Ra6 Qe6 22. Qxe6 Rxe6 23. Bh3 Re7 24. Rxc6 b4 25. Nb5 Nd5 26. Ra1 f5 27. Rxg6 Rf7 28. Nd6 Bxd6 29. Rxd6 Nc3 30. c6 Nb5 31. Rxd7 Rdxd7 32. cxd7 Rxd7 33. Bxf5 Re7 34. Bg6 Na7 35. Ra4 Rc7 36. Rxb4 Kf8 37. d5 Ke7 38. Rxe4+ Kd6 39. Be5+ 1-0

[Event "Vener-dì-Rapid"]
[Site "Chess.com"]
[Date "2020.05.15"]
[Round "2"]
[White "sirmale49"]
[Black "Carbon"]
[Result "0-1"]
[WhiteElo "1415"]
[BlackElo "1748"]
[TimeControl "720+3"]
[EndTime "12:40:10 PDT"]
[Termination "Carbon ha vinto per scaccomatto"]

1. e4 e6 2. f4 d5 3. e5 c5 4. Nf3 Nc6 5. Bb5 Bd7 6. O-O Nxe5 7.
fxe5 Bxb5 8. d3 Ne7 9. Ng5 Nf5 10. g4 Be7 11. Nh3 Nh4 12. g5 O-O 13. Qg4 Ng6 14.
Nc3 Bc6 15. d4 cxd4 16. Qxd4 Qa5 17. Be3 b6 18. Qd1 Rac8 19. Bd2 Qc5+ 20. Nf2 Nxe5 21. a3 Nc4 22. Bf4 Nxb2 23. Qd2 Nc4 24. Qd3 e5 25. Bg3 Bxg5 26. Rfe1 Be3 27. Rad1 d4 28. Ne4 Qd5 29.
Kh1 Nb2 30. Qb3 Nxd1 31. Rxd1 Qxe4+ 32. Nxe4 Bxe4# 0-1

[Event "Vener-dì-Rapid"]
[Site "Chess.com"]
[Date "2020.05.15"]
[Round "2"]
[White "SanSecondoPR"]
[Black "fausto2p"]
[Result "0-1"]
[WhiteElo "1245"]
[BlackElo "1151"]
[TimeControl "720+3"]
[EndTime "12:42:40 PDT"]
[Termination "fausto2p ha vinto per abbandono"]

1. e4 e6 2. d4 d5 3. e5 c5 4. c3 Nc6 5. Nf3 cxd4 6. cxd4 Nge7 7. a3 Nf5 8. b4 a6 9. Nc3 b5 10. Ne2 Be7 11. g3 O-O 12. Bh3 Bd7 13.
O-O a5 14. Bd2 axb4 15. axb4 Rxa1 16. Qxa1 Qb6 17. g4 Nh4 18. Nxh4 Bxh4 19. Qc3 Rc8 20. Qe3 Be7 21. Rb1 Ra8 22. Bc3 Ra3 23. Qd2 Qa6 24. Bf1 Ra2 25. Qe1 Ra4 26. f3 Qb6 27. h4 Nxe5 28. Kg2 Nc4 29. Qf2 f6 30. Nc1 Bc6 31.
Nb3 Bd6 32. Nc5 Bxc5 33. dxc5 Qc7 34. Qd4 e5 35. Qd1 Ne3+ 0-1

[Event "Vener-dì-Rapid"]
[Site "Chess.com"]
[Date "2020.05.15"]
[Round "3"]
[White "fausto2p"]
[Black "sirmale49"]
[Result "1-0"]
[WhiteElo "1176"]
[BlackElo "1402"]
[TimeControl "720+3"]
[EndTime "12:59:38 PDT"]
[Termination "fausto2p ha vinto per abbandono"]

1. d4 Nf6 2. c4 g6 3. Nc3 Bg7 4. e4 d6 5. f3 O-O 6. Be3 e5 7.
d5 Ne8 8. g4 Nd7 9. h4 Nc5 10.
b3 c6 11. Nge2 cxd5 12. Nxd5 Be6 13. Ng3 Nc7 14. Qd2 Nxd5 15. cxd5 Bd7 16. O-O-O Rc8 17. Kb1 Qb6 18. b4 a5 19. a3 axb4 20. axb4 Ra8 21. Qb2 Na4 22. Bxb6 Nxb2 23. Kxb2 Rfc8 24. Ra1 Rxa1 25.
Kxa1 Rc3 26. Be2 Rb3 27. Ba5 Ba4 28. Rb1 Re3 29. Rb2 Bd7 30. Nf1 Rc3 31. Nd2 f5 32.
gxf5 gxf5 33. b5 Bh6 34. Bxc3 1-0

[Event "Vener-dì-Rapid"]
[Site "Chess.com"]
[Date "2020.05.15"]
[Round "3"]
[White "pedrak"]
[Black "SanSecondoPR"]
[Result "1-0"]
[WhiteElo "1650"]
[BlackElo "1242"]
[TimeControl "720+3"]
[EndTime "13:01:07 PDT"]
[Termination "pedrak ha vinto per abbandono"]

1. d4 d5 2. Nf3 c5 3. e3 c4 4. g3 Qc7 5. Bg2 Bg4 6. O-O h5 7. h3 Bf5 8. Nc3 Nf6 9. Ne5 e6 10. Re1 a6 11. a3 g5 12. Bd2 Bd6 13. f4 Ne4 14. Kh2 f6 15. Nf3 g4 16. Nh4 Bh7 17. Nxe4 dxe4 18. Bc3 Nd7 19. Qe2 O-O-O 20. Bf1 Nb6 21.
Ba5 Qc6 22. Bxb6 Qxb6 23. Qxc4+ Kb8 24. b4 Rc8 25. Qb3 Bg8 26. c4 e5 27. fxe5 fxe5 28. d5 a5 29. Rab1 axb4 30. axb4 Qd8 31. c5 Bc7 32. Bc4 Qf6 33. Rb2 Bd8 34. Ra1 Qf7 35. Rba2 Bxh4 36. Ra8+ Kc7 37. d6+ Kd7 38. Bxf7 Bxg3+ 39. Kxg3 gxh3 40. Qe6+ Kc6 41. Rxc8+ 1-0

[Event "Vener-dì-Rapid"]
[Site "Chess.com"]
[Date "2020.05.15"]
[Round "3"]
[White "Carbon"]
[Black "BAKR1980"]
[Result "0-1"]
[WhiteElo "1738"]
[BlackElo "1795"]
[TimeControl "720+3"]
[EndTime "13:08:51 PDT"]
[Termination "BAKR1980 ha vinto per scaccomatto"]

1. e4 Nc6 2. d4 d5 3. Nc3 dxe4 4.
d5 Ne5 5. Qd4 Ng6 6. Bb5+ Bd7 7.
Bc4 Nf6 8. Be3 Nh4 9. O-O-O Nf5 10. Qd2 g6 11. Nge2 Nd6 12. Bb3 Bg7 13. Bd4 b5 14.
Ng3 a5 15. a4 O-O 16. h4 b4 17. Nce2 h5 18. f3 exf3 19. gxf3 Qe8 20. Rdg1 Bxa4 21. Bxf6 Bxf6 22. Nxh5 Bh8 23. Qg5 Bxb3 24. cxb3 a4 25. Nhf4 axb3 26. h5 Nc4 27. Kd1 Ra1+ 28. Nc1 Rxc1+ 29.
Kxc1 Qa4 30. Kd1 Qa1+ 31. Ke2 Qxb2+ 32. Kf1 Ne3+ 33. Ke1 Bc3# 0-1